| TOP OF THE 1ST |
|
Pawtucket Red Sox batting - Pitching for Omaha Storm Chasers : RHP Greg Sell
|
|
Pitching: RHP Greg Sell
|
|
|
Batting: RHB Matt Hinkle
|
0-0: Ball 1-0: SINGLE (Line Drive, 56D, EV 111.9 MPH)
|
|
Batting: RHB Rodolfo Contreras
|
0-0: Ball Matt Hinkle steals 2nd base 1-0: Ball 2-0: Foul Ball, location: 2F 2-1: Swinging Strike 2-2: Ground out U3 (Groundball, 34, EV 105.6 MPH) Matt Hinkle to third
|
|
Batting: RHB Dave Burwell
|
0-0: Foul Ball, location: 2F 0-1: Called Strike 0-2: Foul Ball, location: 2F 0-2: Ball 1-2: Foul Ball, location: 2F 1-2: SINGLE (Groundball, 6MD, EV 105.6 MPH) Matt Hinkle scores
|
|
Batting: LHB Zack Guillen
|
0-0: Ball 1-0: Ball Dave Burwell is caught stealing 2nd base 2-6 2-0: Ball 3-0: Called Strike 3-1: Foul Ball, location: 2F 3-2: Base on Balls
|
|
Batting: RHB Brandon Perris
|
0-0: Reached on error, E5 (Groundball, 5S, EV 77.5 MPH) Zack Guillen to second
|
|
Batting: LHB David Moore
|
0-0: Ball 1-0: Called Strike 1-1: Called Strike 1-2: Ball 2-2: Ball 3-2: Foul Ball, location: 2F 3-2: Strikes out looking
|
| Top of the 1st over - 1 run, 2 hits, 1 error, 2 left on base; Pawtucket 1 - Omaha 0 |
| BOTTOM OF THE 1ST |
|
Omaha Storm Chasers batting - Pitching for Pawtucket Red Sox : RHP Steve Capizzi
|
|
Pitching: RHP Steve Capizzi
|
|
|
Batting: RHB Ken Postlethwaite
|
0-0: Ball 1-0: Ball 2-0: SINGLE (Flyball, 8LS, EV 86.9 MPH)
|
|
Batting: SHB Ryoji Hiraoka
|
0-0: Fielders Choice at 2nd, 3-6 (Groundball, 3, EV 108.8 MPH)
|
|
Batting: RHB Adam Martin
|
0-0: Ball 1-0: Ground out 5-3 (Groundball, 56S, EV 66.2 MPH) Ryoji Hiraoka to second
|
|
Batting: RHB Kazuki Arai
|
0-0: Foul Ball, location: 2F 0-1: Ground out 4-3 (Groundball, 4, EV 83.8 MPH)
|
| Bottom of the 1st over - 0 runs, 1 hit, 0 errors, 1 left on base; Pawtucket 1 - Omaha 0 |
| TOP OF THE 2ND |
|
Pawtucket Red Sox batting - Pitching for Omaha Storm Chasers : RHP Greg Sell
|
|
Batting: LHB Frank Olivo
|
0-0: Ball 1-0: Called Strike 1-1: Foul Ball, location: 2F 1-2: Strikes out swinging
|
|
Batting: RHB Joe Sandoval
|
0-0: SINGLE (Line Drive, 56D, EV 95.0 MPH)
|
|
Batting: RHB Joe Evrard
|
0-0: Called Strike Joe Sandoval steals 2nd, throwing error, E2 Joe Sandoval to third 0-1: Foul Ball, location: 2F 0-2: Foul Ball, location: 2F 0-2: Ball 1-2: Foul Ball, location: 2F 1-2: Ground out 6-3 (Groundball, 6S, EV 89.4 MPH) Joe Sandoval scores
|
|
Batting: RHB Matt Hinkle
|
0-0: Ball 1-0: Foul Ball, location: 2F 1-1: Ball 2-1: Ground out 5-3 (Groundball, 56S, EV 90.0 MPH)
|
| Top of the 2nd over - 1 run, 1 hit, 1 error, 0 left on base; Pawtucket 2 - Omaha 0 |
| BOTTOM OF THE 2ND |
|
Omaha Storm Chasers batting - Pitching for Pawtucket Red Sox : RHP Steve Capizzi
|
|
Batting: LHB Robby Diaz
|
0-0: Called Strike 0-1: Called Strike 0-2: Ball 1-2: Foul Ball, location: 2F 1-2: Strikes out swinging
|
|
Batting: SHB Bill Ertl
|
0-0: Ball 1-0: Foul Ball, location: 2F 1-1: Foul Ball, location: 2F 1-2: Ground out 4-3 (Groundball, 34D, EV 105.0 MPH)
|
|
Batting: SHB Mike Williams
|
0-0: SINGLE (Line Drive, 7S, EV 111.2 MPH)
|
|
Batting: RHB Yuichi Takata
|
0-0: Ball 1-0: Ball 2-0: Called Strike 2-1: Called Strike 2-2: Ball 3-2: Foul Ball, location: 2F 3-2: Foul Ball, location: 2F 3-2: DOUBLE (Line Drive, 9LS, EV 111.9 MPH) Mike Williams to third Mike Williams scores
|
|
Batting: RHB Jason Birge
|
0-0: Ball 1-0: Ball 2-0: Called Strike 2-1: Fly out, F9 (Line Drive, 9S, EV 96.9 MPH)
|
| Bottom of the 2nd over - 1 run, 2 hits, 0 errors, 1 left on base; Pawtucket 2 - Omaha 1 |
| TOP OF THE 3RD |
|
Pawtucket Red Sox batting - Pitching for Omaha Storm Chasers : RHP Greg Sell
|
|
Batting: RHB Rodolfo Contreras
|
0-0: Ball 1-0: Called Strike 1-1: Ball 2-1: Foul Ball, location: 2F 2-2: Ball 3-2: Base on Balls
|
|
Batting: RHB Dave Burwell
|
0-0: Ball 1-0: Called Strike 1-1: Ball 2-1: Foul Ball, location: 2F 2-2: Ball 3-2: Ground out 4-3 (Groundball, 34, EV 103.8 MPH) Rodolfo Contreras to second
|
|
Batting: LHB Zack Guillen
|
0-0: Foul Ball, location: 2F 0-1: Called Strike 0-2: Foul Ball, location: 2F 0-2: Ball 1-2: Strikes out looking
|
|
Batting: RHB Brandon Perris
|
0-0: Ball Rodolfo Contreras steals 3rd base 1-0: Ball 2-0: DOUBLE (Flyball, 8LXD, EV 101.2 MPH) Rodolfo Contreras scores
|
|
Batting: LHB David Moore
|
0-0: Ball 1-0: Ball 2-0: Swinging Strike 2-1: Foul Ball, location: 2F 2-2: Ball 3-2: Base on Balls
|
|
Batting: LHB Frank Olivo
|
0-0: DOUBLE (Flyball, 78D, EV 90.6 MPH) Brandon Perris scores David Moore to third
|
|
Batting: RHB Joe Sandoval
|
0-0: Called Strike 0-1: Fly out, F9 (Line Drive, 9S, EV 89.4 MPH)
|
| Top of the 3rd over - 2 runs, 2 hits, 0 errors, 2 left on base; Pawtucket 4 - Omaha 1 |
| BOTTOM OF THE 3RD |
|
Omaha Storm Chasers batting - Pitching for Pawtucket Red Sox : RHP Steve Capizzi
|
|
Batting: RHB Ken Postlethwaite
|
0-0: Called Strike 0-1: SINGLE (Popup, 6D, EV 50.0 MPH)
|
|
Batting: SHB Ryoji Hiraoka
|
0-0: Called Strike 0-1: SINGLE (Groundball, 4MD, EV 102.5 MPH) Ken Postlethwaite to second Runner from 2nd tries for 3rd, SAFE, throw by CF made to third
|
|
Batting: RHB Adam Martin
|
0-0: Ball 1-0: Foul Ball, location: 2F 1-1: Foul Ball, location: 2F 1-2: Foul Ball, location: 2F 1-2: Ball 2-2: Foul Ball, location: 2F 2-2: Foul Ball, location: 2F 2-2: Ball 3-2: Strikes out swinging
|
|
Batting: RHB Kazuki Arai
|
0-0: Ball Ryoji Hiraoka steals 2nd base 1-0: Foul Ball, location: 2F 1-1: Foul Ball, location: 2F 1-2: Fly out, F4 (Popup, 34, EV 66.2 MPH)
|
|
Batting: LHB Robby Diaz
|
0-0: Ball 1-0: Ball 2-0: Ball 3-0: Base on Balls
|
|
Batting: SHB Bill Ertl
|
0-0: Ball 1-0: Swinging Strike 1-1: Ball 2-1: Called Strike 2-2: Ball 3-2: Ground out 5-3 (Groundball, 5, EV 91.2 MPH)
|
| Bottom of the 3rd over - 0 runs, 2 hits, 0 errors, 3 left on base; Pawtucket 4 - Omaha 1 |
| TOP OF THE 4TH |
|
Pawtucket Red Sox batting - Pitching for Omaha Storm Chasers : RHP Greg Sell
|
|
Batting: RHB Joe Evrard
|
0-0: Swinging Strike 0-1: Foul Ball, location: 2F 0-2: Ball 1-2: Foul Ball, location: 2F 1-2: Strikes out swinging
|
|
Batting: RHB Matt Hinkle
|
0-0: Ball 1-0: TRIPLE (Flyball, 9D, EV 88.1 MPH)
|
|
Batting: RHB Rodolfo Contreras
|
0-0: Ball 1-0: Called Strike 1-1: Ball 2-1: Called Strike 2-2: Ball 3-2: Base on Balls
|
|
Batting: RHB Dave Burwell
|
0-0: Ball 1-0: Grounds into double play, 6-4-3 (Groundball, 56, EV 80.0 MPH)
|
| Top of the 4th over - 0 runs, 1 hit, 0 errors, 1 left on base; Pawtucket 4 - Omaha 1 |
| BOTTOM OF THE 4TH |
|
Omaha Storm Chasers batting - Pitching for Pawtucket Red Sox : RHP Steve Capizzi
|
|
Batting: SHB Mike Williams
|
0-0: Ground out 5-3 (Groundball, 5, EV 99.4 MPH)
|
|
Batting: RHB Yuichi Takata
|
0-0: Ball 1-0: Ball 2-0: SINGLE (Line Drive, 8RS, EV 95.0 MPH)
|
|
Batting: RHB Jason Birge
|
0-0: Ball Yuichi Takata steals 2nd base (no throw) 1-0: Ball 2-0: Called Strike 2-1: Foul Ball, location: 2F 2-2: Strikes out swinging
|
|
Batting: RHB Ken Postlethwaite
|
0-0: Ball 1-0: Foul Ball, location: 2F 1-1: Foul Ball, location: 2F 1-2: Fly out, F7 (Flyball, 7D, EV 91.9 MPH)
|
| Bottom of the 4th over - 0 runs, 1 hit, 0 errors, 1 left on base; Pawtucket 4 - Omaha 1 |
| TOP OF THE 5TH |
|
Pawtucket Red Sox batting - Pitching for Omaha Storm Chasers : RHP Greg Sell
|
|
Batting: LHB Zack Guillen
|
0-0: Foul Ball, location: 2F 0-1: Called Strike 0-2: Foul Ball, location: 2F 0-2: Strikes out swinging, 2-3 out at first.
|
|
Batting: RHB Brandon Perris
|
0-0: Ball 1-0: Foul Ball, location: 2F 1-1: DOUBLE (Flyball, 89D, EV 100.0 MPH)
|
|
Batting: LHB David Moore
|
0-0: Called Strike 0-1: Called Strike 0-2: Ball 1-2: Ground out 1-3 (Groundball, 15S, EV 75.6 MPH)
|
|
Pitching: RHP Philip Terrell
|
|
|
Batting: LHB Frank Olivo
|
0-0: Called Strike 0-1: Ball 1-1: Ball 2-1: Swinging Strike 2-2: Foul Ball, location: 2F 2-2: Ground out 1-3 (Groundball, 13S, EV 66.2 MPH)
|
| Top of the 5th over - 0 runs, 1 hit, 0 errors, 1 left on base; Pawtucket 4 - Omaha 1 |
| BOTTOM OF THE 5TH |
|
Omaha Storm Chasers batting - Pitching for Pawtucket Red Sox : RHP Steve Capizzi
|
|
Batting: SHB Ryoji Hiraoka
|
0-0: Ball 1-0: Ball 2-0: Called Strike 2-1: Foul Ball, location: 2F 2-2: Ball 3-2: Foul Ball, location: 2F 3-2: Base on Balls
|
|
Batting: RHB Adam Martin
|
0-0: Ball 1-0: Ball Ryoji Hiraoka steals 2nd base (no throw) 2-0: Swinging Strike 2-1: Ground out U3 (Groundball, 3L, EV 81.2 MPH) Ryoji Hiraoka to third
|
|
Batting: RHB Kazuki Arai
|
0-0: Ground out 4-3 (Groundball, 4, EV 86.9 MPH) Ryoji Hiraoka scores
|
|
Batting: LHB Robby Diaz
|
0-0: SOLO HOME RUN (Flyball, 7D, EV 95.0 MPH), Distance : 364 ft
|
|
Batting: SHB Bill Ertl
|
0-0: Foul Ball, location: 2F 0-1: Ball 1-1: Ball 2-1: Fly out, F9 (Line Drive, 9, EV 101.2 MPH)
|
| Bottom of the 5th over - 2 runs, 1 hit, 0 errors, 0 left on base; Pawtucket 4 - Omaha 3 |
| TOP OF THE 6TH |
|
Pawtucket Red Sox batting - Pitching for Omaha Storm Chasers : RHP Philip Terrell
|
|
Batting: RHB Joe Sandoval
|
0-0: Called Strike 0-1: Called Strike 0-2: Foul Ball, location: 2F 0-2: Ball 1-2: Foul Ball, location: 2F 1-2: Fly out, F8 (Flyball, 8LXD, EV 90.0 MPH)
|
|
Batting: RHB Joe Evrard
|
0-0: Ball 1-0: Called Strike 1-1: Ball 2-1: Called Strike 2-2: Foul Ball, location: 2F 2-2: Ball 3-2: SINGLE (Line Drive, 3D, EV 110.0 MPH)
|
|
Batting: RHB Matt Hinkle
|
0-0: Swinging Strike 0-1: Swinging Strike 0-2: Grounds into double play, 6-4-3 (Groundball, 6, EV 101.2 MPH)
|
| Top of the 6th over - 0 runs, 1 hit, 0 errors, 0 left on base; Pawtucket 4 - Omaha 3 |
| BOTTOM OF THE 6TH |
|
Omaha Storm Chasers batting - Pitching for Pawtucket Red Sox : RHP Steve Capizzi
|
|
Batting: SHB Mike Williams
|
0-0: Ball 1-0: Foul Ball, location: 2F 1-1: Foul Ball, location: 2F 1-2: Ball 2-2: Ball 3-2: Foul Ball, location: 2F 3-2: Strikes out swinging
|
|
Batting: RHB Yuichi Takata
|
0-0: Ball 1-0: Called Strike 1-1: Swinging Strike 1-2: Strikes out swinging
|
|
Batting: RHB Jason Birge
|
0-0: Called Strike 0-1: Swinging Strike 0-2: Foul Ball, location: 2F 0-2: Ball 1-2: Strikes out swinging
|
| Bottom of the 6th over - 0 runs, 0 hits, 0 errors, 0 left on base; Pawtucket 4 - Omaha 3 |
| TOP OF THE 7TH |
|
Pawtucket Red Sox batting - Pitching for Omaha Storm Chasers : RHP Philip Terrell
|
|
Pitching: RHP Justin Nipper
|
|
|
Batting: RHB Rodolfo Contreras
|
0-0: Ball 1-0: Ground out U3 (Groundball, 13, EV 85.0 MPH)
|
|
Batting: RHB Dave Burwell
|
0-0: Called Strike 0-1: Ground out 6-3 (Groundball, 6, EV 86.2 MPH)
|
|
Batting: LHB Zack Guillen
|
0-0: Called Strike 0-1: Foul Ball, location: 2F 0-2: Strikes out looking
|
| Top of the 7th over - 0 runs, 0 hits, 0 errors, 0 left on base; Pawtucket 4 - Omaha 3 |
| BOTTOM OF THE 7TH |
|
Omaha Storm Chasers batting - Pitching for Pawtucket Red Sox : RHP Steve Capizzi
|
|
Pitching: RHP Andy Garvin
|
|
|
Batting: RHB Ken Postlethwaite
|
0-0: Ball 1-0: Ball 2-0: Foul Ball, location: 2F 2-1: Foul Ball, location: 2F 2-2: Ball 3-2: Foul Ball, location: 2F 3-2: Ground out 5-3 (Groundball, 56, EV 105.0 MPH)
|
|
Batting: SHB Ryoji Hiraoka
|
0-0: Ball 1-0: Ball 2-0: Foul Ball, location: 2F 2-1: SINGLE (Groundball, 4MD, EV 95.6 MPH)
|
|
Batting: RHB Adam Martin
|
0-0: Called Strike Ryoji Hiraoka steals 2nd base 0-1: Called Strike 0-2: Ball 1-2: Strikes out looking
|
|
Batting: RHB Kazuki Arai
|
0-0: Foul Ball, location: 2F 0-1: SINGLE (Groundball, 6S, EV 64.4 MPH) (infield hit) Ryoji Hiraoka to third
|
|
Batting: LHB Robby Diaz
|
0-0: Swinging Strike 0-1: Swinging Strike 0-2: Ball 1-2: Ground out 4-3 (Groundball, 34, EV 86.2 MPH)
|
| Bottom of the 7th over - 0 runs, 2 hits, 0 errors, 2 left on base; Pawtucket 4 - Omaha 3 |
| TOP OF THE 8TH |
|
Pawtucket Red Sox batting - Pitching for Omaha Storm Chasers : RHP Justin Nipper
|
|
Batting: RHB Brandon Perris
|
0-0: Ball 1-0: Ground out 4-3 (Groundball, 4, EV 83.8 MPH)
|
|
Batting: LHB David Moore
|
0-0: Ball 1-0: Called Strike 1-1: Ball 2-1: Foul Ball, location: 2F 2-2: Strikes out looking
|
|
Batting: LHB Frank Olivo
|
0-0: SINGLE (Line Drive, 89S, EV 99.4 MPH)
|
|
Batting: RHB Joe Sandoval
|
0-0: Ball 1-0: SINGLE (Line Drive, 8LS, EV 106.2 MPH) Frank Olivo to second
|
|
Pinch Runner at 2nd Ben Ervin:
|
|
|
Batting: RHB Joe Evrard
|
0-0: Ball 1-0: Foul Ball, location: 2F 1-1: Called Strike 1-2: Foul Ball, location: 2F 1-2: Foul Ball, location: 2F 1-2: Ball 2-2: Ball 3-2: Foul Ball, location: 2F 3-2: SINGLE (Flyball, 9S, EV 90.6 MPH) Ben Ervin to third Joe Sandoval to second Ben Ervin scores Joe Sandoval to third
|
|
Batting: RHB Matt Hinkle
|
0-0: Swinging Strike 0-1: Ball 1-1: Foul Ball, location: 2F 1-2: SINGLE (Flyball, 8LS, EV 85.6 MPH) Joe Sandoval scores Joe Evrard to second
|
|
Batting: RHB Rodolfo Contreras
|
0-0: Ball 1-0: Swinging Strike 1-1: Ball 2-1: Ball 3-1: Base on Balls Joe Evrard to third Matt Hinkle to second
|
|
Batting: RHB Dave Burwell
|
0-0: Ball 1-0: GRAND SLAM HOME RUN (Flyball, 78XD, EV 100.0 MPH), Distance : 401 ft
|
|
Pitching: RHP Junsuke Abe
|
|
|
Batting: LHB Zack Guillen
|
0-0: Ball 1-0: Foul Ball, location: 2F 1-1: Ball 2-1: Foul Ball, location: 2F 2-2: Ball 3-2: SINGLE (Flyball, 34D, EV 96.9 MPH)
|
|
Batting: RHB Brandon Perris
|
0-0: Ball 1-0: Swinging Strike 1-1: Ball 2-1: Called Strike 2-2: Strikes out swinging
|
| Top of the 8th over - 6 runs, 6 hits, 0 errors, 1 left on base; Pawtucket 10 - Omaha 3 |
| BOTTOM OF THE 8TH |
|
Omaha Storm Chasers batting - Pitching for Pawtucket Red Sox : RHP Andy Garvin
|
|
Now at 1B: Ben Ervin
|
|
|
Batting: SHB Bill Ertl
|
0-0: Foul Ball, location: 2F 0-1: Ball 1-1: Called Strike 1-2: Ball 2-2: Strikes out swinging
|
|
Batting: SHB Mike Williams
|
0-0: Ball 1-0: Foul Ball, location: 2F 1-1: Called Strike 1-2: Ball 2-2: Ball 3-2: Ground out U3 (Groundball, 3, EV 87.5 MPH)
|
|
Batting: RHB Yuichi Takata
|
0-0: Called Strike 0-1: Foul Ball, location: 2F 0-2: Ball 1-2: Ball 2-2: Strikes out swinging
|
| Bottom of the 8th over - 0 runs, 0 hits, 0 errors, 0 left on base; Pawtucket 10 - Omaha 3 |
| TOP OF THE 9TH |
|
Pawtucket Red Sox batting - Pitching for Omaha Storm Chasers : RHP Junsuke Abe
|
|
Batting: LHB David Moore
|
0-0: Ball 1-0: Fly out, F8 (Flyball, 8RD, EV 88.8 MPH)
|
|
Batting: SHB Ben Ervin
|
0-0: Ball 1-0: Called Strike 1-1: Fly out, F8 (Flyball, 8RD, EV 89.4 MPH)
|
|
Batting: RHB Joe Sandoval
|
0-0: Ball 1-0: Called Strike 1-1: SINGLE (Line Drive, 4MD, EV 99.4 MPH)
|
|
Batting: RHB Joe Evrard
|
0-0: Ball 1-0: Swinging Strike 1-1: Fielders Choice at 2nd, 6-4 (Groundball, 56D, EV 91.2 MPH)
|
| Top of the 9th over - 0 runs, 1 hit, 0 errors, 1 left on base; Pawtucket 10 - Omaha 3 |
| BOTTOM OF THE 9TH |
|
Omaha Storm Chasers batting - Pitching for Pawtucket Red Sox : RHP Andy Garvin
|
|
Batting: RHB Jason Birge
|
0-0: Fly out, F9 (Flyball, 89M, EV 86.9 MPH)
|
|
Batting: RHB Ken Postlethwaite
|
0-0: SINGLE (Groundball, 6MD, EV 103.8 MPH)
|
|
Batting: SHB Ryoji Hiraoka
|
0-0: Ball 1-0: Fly out, F9 (Flyball, 9LSF, EV 86.9 MPH)
|
|
Batting: RHB Adam Martin
|
0-0: Ball 1-0: Ground out 4-3 (Groundball, 4, EV 104.4 MPH)
|
| Bottom of the 9th over - 0 runs, 1 hit, 0 errors, 1 left on base; Pawtucket 10 - Omaha 3 |
|